 Dungeon Crawl Stone Soup version 0.22.1-1-ga44c0e5 (webtiles) character file.

216060 delarado the Eclecticist (level 18, -7/101 HPs)
             Began as a Deep Elf Fire Elementalist on Oct 23, 2018.
             Was the Champion of Vehumet.
             Mangled by a phantasmal warrior (42 damage)
             ... on level 1 of the Vaults on Oct 30, 2018.
             The game lasted 06:37:47 (51747 turns).

delarado the Eclecticist (DEFE)                    Turns: 51747, Time: 06:37:48

Health: -7/101     AC: 15    Str:  5    XL:     18   Next: 34%
Magic:  3/44       EV: 22    Int: 28    God:    Vehumet [******]
Gold:   1879       SH:  0    Dex: 18    Spells: 4/57 levels left

rFire    + + .     SeeInvis +   m - staff of conjuration
rCold    . . .     Gourm    .   (no shield)
rNeg     + . .     Faith    .   b - +2 robe {MR+}
rPois    .         Spirit   .   S - +2 hat {SInv}
rElec    .         Reflect  .   n - scarf {rC+ rF+}
rCorr    .         Harm     .   R - +2 pair of gloves {archery}
MR       +....                  H - +2 pair of boots
Stlth    +++.......             w - amulet of regeneration
HPRegen  0.66/turn              J - ring "Vergheg" {+Fly rN+ AC+3 Dex+2}
MPRegen  0.29/turn              T - ring of fire

@: about to teleport, vulnerable
A: no striking features
}: 1/15 runes: gossamer
a: Renounce Religion, Evoke Flight


You were on level 1 of the Vaults.
You worshipped Vehumet.
Vehumet was exalted by your worship.
You were not hungry.

You visited 8 branches of the dungeon, and saw 35 of its levels.
You also visited: Volcano.

You collected 3094 gold pieces.
You spent 1215 gold pieces at shops.

Inventory:

Armour
 b - a +2 robe of magic resistance (worn)
 n - a scarf of resistance (worn)
 H - a +2 pair of boots (worn)
 R - a +2 pair of gloves of archery (worn)
 S - a +2 hat of see invisible (worn)
Magical Staves
 m - an uncursed staff of conjuration (weapon)
Jewellery
 h - an uncursed ring of wizardry
 w - an amulet of regeneration (around neck)
 J - the ring "Vergheg" (left hand) {+Fly rN+ AC+3 Dex+2}
   (You found it on level 2 of the Spider Nest)

   [ring of protection]

   It affects your AC (+3).
   It affects your dexterity (+2).
   It protects you from negative energy.
   It lets you fly.
 T - a ring of fire (right hand)
Wands
 a - a wand of paralysis (44)
 E - a wand of clouds (11)
 I - a wand of acid (3)
 L - a wand of digging (35)
 Q - a wand of iceblast (17)
Scrolls
 e - a scroll of silence
 f - 6 scrolls of immolation
 g - 11 scrolls of remove curse
 k - a scroll of summoning
 o - 6 scrolls of fog
 q - 5 scrolls of teleportation
 s - a scroll of amnesia
 t - 5 scrolls of identify
 x - 4 scrolls of enchant weapon
 A - 2 scrolls of vulnerability
 O - a scroll of torment
 U - 2 scrolls of magic mapping
 Z - 2 scrolls of fear
Potions
 i - 5 potions of haste
 p - 12 potions of curing
 r - a potion of invisibility
 u - 2 potions of cancellation
 z - a potion of magic
 B - 6 potions of heal wounds
 F - 4 potions of resistance
 M - a potion of brilliance
 N - 2 potions of flight
 X - 4 potions of agility
Miscellaneous
 v - a crystal ball of energy
 y - a lightning rod (4/4)
Comestibles
 c - 27 rations


   Skills:
 + Level 7.4 Fighting
 - Level 12.0 Dodging
 - Level 5.0 Stealth
 - Level 20.0 Spellcasting
 - Level 16.4 Conjurations
 + Level 17.8 Fire Magic
 - Level 4.8 Ice Magic
 + Level 14.0 Evocations


You had 4 spell levels left.
You knew the following spells:

 Your Spells              Type           Power        Failure   Level  Hunger
a - Flame Tongue          Conj/Fire      #####        0%          1    None
b - Conjure Flame         Conj/Fire      ########     0%          3    None
c - Sticky Flame          Conj/Fire      ########     0%          4    None
d - Fireball              Conj/Fire      ########..   1%          5    None
e - Blink                 Tloc           N/A          2%          2    None
f - Mephitic Cloud        Conj/Pois/Air  ######..     1%          3    None
g - Searing Ray           Conj           ######       0%          2    None
h - Stone Arrow           Conj/Erth      ######       1%          3    None
i - Fulminant Prism       Conj/Hex       #######...   1%          4    None
j - Confuse               Hex            ####....     4%          3    None
k - Airstrike             Air            ####......   4%          4    None
l - Ring of Flames        Chrm/Fire      #######...   30%         7    ####...
m - Freezing Cloud        Conj/Ice/Air   #######...   3%          6    None
n - Bolt of Fire          Conj/Fire      ########..   1%          6    None

Your spell library contained the following spells:

 Spells                   Type           Power        Failure   Level  Hunger
 Spellforged Servitor     Conj/Summ      #######...   11%         7    ####...
 Magic Dart               Conj           ####         0%          1    None
 Throw Flame              Conj/Fire      ######       0%          2    None
 Corona                   Hex            ####...      1%          1    None
 Sandblast                Erth           ####..       1%          1    None
 Sting                    Conj/Pois      ####         1%          1    None
 Ensorcelled Hibernation  Hex/Ice        #####.       1%          2    None
 Dazzling Spray           Conj/Hex       ######       1%          3    None
 Inner Flame              Hex/Fire       #######.     1%          3    None
 Call Imp                 Summ           ####....     2%          2    None
 Passwall                 Tmut/Erth      ####....     2%          2    None
 Poisonous Vapours        Pois/Air       ####..       2%          2    None
 Slow                     Hex            ####....     2%          2    None
 Tukima's Dance           Hex            ####....     4%          3    None
 Olgreb's Toxic Radiance  Pois           ####....     4%          4    None
 Petrify                  Tmut/Erth      ####....     14%         4    None
 Summon Lightning Spire   Summ/Air       ####....     14%         4    None
 Venom Bolt               Conj/Pois      #######...   1%          5    None
 Conjure Ball Lightning   Conj/Air       #######...   2%          6    None
 Lee's Rapid Deconstruct  Erth           ####......   11%         5    None
 Silence                  Hex/Air        ####......   36%         5    None
 Deflect Missiles         Chrm/Air       ####......   91%         6    None
 Tornado                  Air            ####......   100%        9    #######


Dungeon Overview and Level Annotations

Branches:
Dungeon (15/15)            Temple (1/1) D:6            Lair (6/6) D:8
 Shoals (4/4) Lair:2       Spider (4/4) Lair:3        Slime (1/5) Lair:5
    Orc (2/2) D:10            Elf (0/3) Orc:2        Vaults (2/5) D:13
  Crypt (0/3) Vaults:2     Depths (0/5) D:15

Altars:
Ashenzari
Cheibriados
Dithmenos
Elyvilon
Fedhas
Gozag
Hepliaklqana
Kikubaaqudgha
Makhleb
Nemelex Xobeh
Okawaru
Qazlal
Ru
Sif Muna
Trog
Uskayaw
Vehumet
Wu Jian
Xom
Yredelemnul
Zin
The Shining One
Beogh

Shops:
D:11 !   D:15 (   Orc:2 [%(%*   Shoals:3 *

Annotations:
D:12 3 runed doors, strongu's ghost, journeyman OpCK
Spider:2 Jorgrun


Message History

Casting: Bolt of Fire (safe; 1% risk of failure)
Confirm with . or Enter, or press ? or * to list all spells.
Aiming: Bolt of Fire (safe; 1% risk of failure)
Press: ? - help, Shift-Dir - straight line, f - deep elf death mage
Aim: a deep elf death mage, wielding a rapier You feel a strong surge of power!
The bolt of fire hits the deep elf death mage.
The deep elf death mage is heavily wounded.
The phantasmal warrior hits you!!
* * * LOW HITPOINT WARNING * * *
Your magical defenses are stripped away!
As you read the scroll of teleportation, it crumbles to dust.
You feel strangely unstable.
The deep elf death mage hits you with a rapier!
* * * LOW HITPOINT WARNING * * *
The phantasmal warrior misses you.
You feel much better.
The deep elf death mage beckons forth a restless soul!
The phantasmal warrior hits you!!!
You die...

.................................
...............).)...............
.............)))..)).............
###############################'#
..#....#...# #.... ..#....#...#
######## #.... ##'####'####
#......# #.... .)#)..[#...#
#.We...# #.... ..#....#...#
#..@...# #.... ##(####†####
#*.....# #.... ..#...)#...#
#......# ##### ..#..).#...#
#......#
####''###########'###############
))................†..............
.................................
#################################


You could see a deep elf death mage, a phantasmal warrior and a lost soul.

Vanquished Creatures
  Saint Roka (Vaults:1)
  Nikola (Shoals:1)
  Arachne (Spider:3)
  An acid blob (Slime:1)
  A kraken (Shoals:2)
  Gastronok (Lair:1)
  6 vault wardens
  Louise (Shoals:1)
  7 emperor scorpions
  3 ghost moths
  2 ironheart preservers (Vaults:1)
  3 very ugly things (Vaults:1)
  4 entropy weavers
  Nessos (Lair:5)
  An ettin (D:15)
  A merfolk javelineer (Shoals:2)
  A great orb of eyes (Vaults:1)
  4 merfolk impalers
  2 ogre magi (Vaults:1)
  4 yaktaur captains (Vaults:1)
  Josephine (D:10)
  3 vault guards
  An ice dragon (Vaults:1)
  A rakshasa (Vaults:1)
  A catoblepas (Lair:2)
  7 hydras
  3 merfolk avatars (Shoals:3)
  5 centaur warriors
  7 two-headed ogres
  3 tengu warriors (D:15)
  A death knight (Vaults:1)
  2 merfolk aquamancers
  A satyr (Shoals:3)
  A deep troll earth mage (Vaults:1)
  An orc high priest (Orc:2)
  9 skeletal warriors
  7 sea snakes
  2 unseen horrors (Vaults:1)
  4 deep trolls
  2 deep elf archers (Vaults:1)
  Pikel (D:7)
  An ironbrand convoker (Vaults:1)
  The ghost of Lluna the Thaumaturge, a novice OpCj of Vehumet (D:7)
  14 orc knights
  16 orb spiders
  16 harpies
  A shining eye (Slime:1)
  6 manticores
  19 ugly things
  7 fauns
  13 orc sorcerers
  17 wolf spiders
  An elephant (Lair:6)
  5 cyclopes
  2 oklob plants (Lair:5)
  7 merfolk sirens
  A torpor snail (Lair:4)
  2 moths of wrath
  4 vault sentinels (Vaults:1)
  2 black mambas (Lair:6)
  5 centaur zombies
  Psyche (D:11)
  5 water nymphs
  7 spiny frogs
  2 gargoyles
  2 efreet
  A rime drake (Lair:5)
  A redback zombie (D:15)
  A kobold demonologist (D:14)
  A rime drake (shapeshifter) (Vaults:1)
  12 demonic crawlers
  4 komodo dragons
  4 yaktaurs
  2 tengu conjurers (D:15)
  A freezing wraith (Vaults:2)
  A queen bee (Spider:4)
  A wind drake (shapeshifter) (Vaults:1)
  11 hornets
  7 polar bears
  3 wind drakes
  4 meliai
  28 jumping spiders
  14 merfolk
  6 trolls
  12 blink frogs
  14 dream sheep
  11 slime creatures
  13 hippogriffs
  4 snapping turtles
  A shadow (D:15)
  59 redbacks
  14 spriggans
  Sigmund (D:4)
  A vampire (D:13)
  2 wyverns (D:15)
  7 wraiths
  Eustachio (D:5)
  7 water elementals
  A fire elemental (Volcano)
  23 tarantellas
  26 yaks
  A wyvern (shapeshifter) (Vaults:1)
  A hungry ghost (D:11)
  3 basilisks
  A steam dragon (Lair:4)
  Menkaure (D:5)
  3 wargs
  Edmund (D:4)
  2 acid dragons
  12 water moccasins
  Duvessa (D:5)
  10 porcupines
  7 sky beasts
  5 black bears
  22 orc warriors
  3 phantoms
  An ice beast (D:9)
  A slave (D:7)
  15 ogres
  3 boggarts (Lair:6)
  23 centaurs
  25 wolves
  12 crocodiles
  3 big kobolds
  11 bullfrogs
  Dowan (D:5)
  A wyvern skeleton (D:13)
  5 scorpions
  15 killer bees
  9 wights
  3 howler monkeys
  4 crimson imps
  7 hounds
  3 quasits (D:11)
  3 jellies
  25 orc priests
  35 orc wizards
  2 centaur skeletons
  Natasha (D:4)
  7 iguanas
  10 worker ants
  A hound zombie (D:8)
  12 adders
  2 gnolls (D:7)
  A howler monkey skeleton (D:4)
  5 shadow imps
  3 oozes
  3 adder skeletons
  2 worms
  A dart slug (D:2)
  5 leopard geckos
  90 orcs
  7 giant cockroaches
  2 goblins
  14 hobgoblins
  10 jackals
  16 kobolds
  4 quokkas
  2 ball pythons (D:4)
  6 bats
  7 frilled lizards
  A jackal zombie (D:7)
  2 leopard gecko zombies
  A quokka skeleton (D:5)
  2 quokka zombies
  5 rats
  A fulminant prism (Lair:5)
  2 fungi (Lair:6)
  6 plants
1076 creatures vanquished.

Vanquished Creatures (others)
  A slave (D:7)
  2 gnolls (D:7)
  A bush (Lair:3)
  210 fulminant prisms
  39 fungi
  31 plants
284 creatures vanquished.

Grand Total: 1360 creatures vanquished

Notes
Turn   | Place    | Note
-------+----------+-------------------------------------------
     0 | D:1      | delarado the Deep Elf Fire Elementalist began the quest for
                  | the Orb.
     0 | D:1      | Reached XP level 1. HP: 10/10 MP: 6/6
   216 | D:1      | Reached XP level 2. HP: 15/15 MP: 5/8
  1097 | D:2      | Reached XP level 3. HP: 19/19 MP: 7/9
  1120 | D:2      | Learned a level 3 spell: Conjure Flame
  1857 | D:3      | Found a hide-covered altar of Uskayaw.
  1897 | D:3      | Reached XP level 4. HP: 24/24 MP: 8/11
  2698 | D:4      | Reached XP level 5. HP: 22/28 MP: 5/12
  2787 | D:4      | Learned a level 4 spell: Sticky Flame
  2840 | D:4      | Reached skill level 4 in Spellcasting
  2872 | D:4      | Noticed an ogre
  3064 | D:4      | Noticed Edmund
  3069 | D:5      | Entered Level 5 of the Dungeon
  3071 | D:5      | Noticed Menkaure
  3235 | D:5      | Noticed Dowan
  3236 | D:5      | Noticed Duvessa
  3272 | D:4      | Killed an ogre
  3272 | D:4      | Reached skill level 5 in Conjurations
  3272 | D:4      | Reached skill level 5 in Fire Magic
  3272 | D:4      | Reached XP level 6. HP: 29/32 MP: 5/14
  3482 | D:4      | Killed Edmund
  4011 | D:4      | Noticed Sigmund
  4236 | D:6      | Reached XP level 7. HP: 29/36 MP: 9/15
  4318 | D:6      | Found a staircase to the Ecumenical Temple.
  4327 | Temple   | Entered the Ecumenical Temple
  4381 | Temple   | Became a worshipper of Vehumet
  4751 | D:6      | Learned a level 5 spell: Fireball
  4834 | D:6      | Found a stormy altar of Qazlal.
  4837 | D:6      | Found a glowing silver altar of Zin.
  4840 | D:6      | Found an ornate altar of the Wu Jian Council.
  4843 | D:6      | Found a deep blue altar of Sif Muna.
  5131 | D:6      | You fall through a shaft for 3 floors!
  5131 | D:9      | Noticed a two-headed ogre
  5134 | D:9      | Found a shimmering altar of Xom.
  5154 | D:9      | Noticed a two-headed ogre
  5856 | D:8      | Noticed a yak
  5936 | D:8      | Reached XP level 8. HP: 34/41 MP: 1/16
  6063 | D:8      | Reached * piety under Vehumet
  6063 | D:8      | Offered knowledge of Sandblast by Vehumet.
  6428 | D:8      | Found a staircase to the Lair.
  6841 | D:8      | Reached XP level 9. HP: 39/45 MP: 10/18
  6842 | D:8      | Reached skill level 5 in Spellcasting
  7289 | D:8      | Found an ancient bone altar of Kikubaaqudgha.
  8101 | D:7      | Reached skill level 6 in Spellcasting
  8244 | D:7      | Learned a level 2 spell: Blink
  8303 | D:7      | Found a runed gate.
  8304 | D:7      | Found a runed gate.
  8340 | D:7      | Found a runed gate.
  8345 | D:7      | Noticed Lluna's ghost (novice OpCj)
  8346 | D:7      | Found a roughly hewn altar of Beogh.
  8755 | D:7      | Learned a level 3 spell: Mephitic Cloud
  8757 | D:7      | Noticed Pikel
  8760 | D:7      | Killed Pikel
  8760 | D:7      | Reached skill level 7 in Spellcasting
  8760 | D:7      | Reached skill level 10 in Conjurations
  8760 | D:7      | Reached skill level 10 in Fire Magic
  9657 | D:6      | Reached skill level 8 in Spellcasting
 10040 | D:5      | Reached ** piety under Vehumet
 10040 | D:5      | Offered knowledge of Searing Ray by Vehumet.
 10044 | D:5      | Learned a level 2 spell: Searing Ray
 10077 | D:5      | Killed Duvessa
 10077 | D:5      | Reached XP level 10. HP: 50/50 MP: 5/24
 10085 | D:5      | Killed Dowan
 10300 | D:5      | Killed Menkaure
 10300 | D:5      | Reached skill level 9 in Spellcasting
 10640 | D:5      | Noticed Eustachio
 10644 | D:5      | Killed Eustachio
 10846 | D:4      | Killed Sigmund
 10846 | D:4      | Reached skill level 10 in Spellcasting
 10957 | D:4      | Noticed Natasha
 10962 | D:4      | Killed Natasha
 11596 | Lair:1   | Entered Level 1 of the Lair of Beasts
 11669 | Lair:1   | Found a dark tunnel.
 11679 | Volcano  | Entered a volcano
 11765 | Volcano  | Noticed a gargoyle
 11812 | Volcano  | Noticed a gargoyle
 11841 | Volcano  | Noticed a molten gargoyle
 11915 | Lair:1   | Noticed Gastronok
 11950 | Lair:1   | Killed Gastronok
 11950 | Lair:1   | Reached skill level 13 in Spellcasting
 12483 | Lair:1   | Reached XP level 11. HP: 32/54 MP: 13/30
 13084 | Lair:2   | Noticed a catoblepas
 13086 | Lair:1   | Reached skill level 14 in Spellcasting
 13493 | Lair:2   | Offered knowledge of Stone Arrow by Vehumet.
 13519 | Lair:2   | Killed a catoblepas
 13519 | Lair:2   | Reached skill level 15 in Spellcasting
 13746 | Lair:2   | Found a staircase to the Shoals.
 15080 | Lair:3   | Reached skill level 16 in Spellcasting
 15420 | Lair:3   | Learned a level 3 spell: Stone Arrow
 15474 | Lair:3   | Reached *** piety under Vehumet
 15550 | Lair:3   | Reached skill level 17 in Spellcasting
 16090 | Lair:3   | Found a hole to the Spider Nest.
 16986 | Lair:4   | Offered knowledge of Fulminant Prism by Vehumet.
 16986 | Lair:4   | Reached skill level 5 in Dodging
 16986 | Lair:4   | Reached XP level 12. HP: 59/59 MP: 20/35
 17950 | Lair:5   | Noticed Nessos
 17959 | Lair:5   | Killed Nessos
 18025 | Lair:5   | Noticed a four-headed hydra
 18032 | Lair:5   | Killed a four-headed hydra
 18249 | Lair:5   | Learned a level 4 spell: Fulminant Prism
 18696 | Lair:5   | Reached skill level 18 in Spellcasting
 19020 | Lair:5   | Found a staircase to the Slime Pits.
 19087 | Lair:6   | Entered Level 6 of the Lair of Beasts
 19415 | Lair:6   | Noticed a seven-headed hydra
 19419 | Lair:6   | Noticed a six-headed hydra
 19426 | Lair:6   | Killed a seven-headed hydra
 19428 | Lair:6   | Killed a six-headed hydra
 19517 | Lair:6   | Noticed a seven-headed hydra
 19535 | Lair:6   | Killed a seven-headed hydra
 19638 | Lair:6   | Reached **** piety under Vehumet
 19760 | Lair:6   | Offered knowledge of Dazzling Spray by Vehumet.
 19762 | Lair:6   | Reached skill level 19 in Spellcasting
 20001 | Lair:6   | Reached skill level 10 in Dodging
 20192 | Lair:6   | Reached XP level 13. HP: 61/63 MP: 22/38
 20583 | Lair:6   | Reached ***** piety under Vehumet
 20663 | Lair:6   | Offered knowledge of Airstrike by Vehumet.
 21462 | D:9      | Reached skill level 5 in Stealth
 21675 | D:9      | Found a sacrificial altar of Ru.
 21676 | D:9      | Found a snail-covered altar of Cheibriados.
 21676 | D:9      | Found an iron altar of Okawaru.
 21677 | D:9      | Found a bloodstained altar of Trog.
 21692 | D:9      | Found a blossoming altar of Fedhas.
 21809 | D:10     | Entered Level 10 of the Dungeon
 22142 | D:10     | Noticed Josephine
 22148 | D:10     | Killed Josephine
 22303 | D:10     | Identified 2 scrolls of acquirement
 22896 | D:10     | Found a staircase to the Orcish Mines.
 22923 | Orc:1    | Entered Level 1 of the Orcish Mines
 23193 | D:11     | Noticed Psyche
 23195 | D:11     | Killed Psyche
 23295 | D:11     | Found Ixti's Distillery.
 23300 | D:11     | Bought 2 potions of haste for 340 gold pieces
 23300 | D:11     | Bought a potion of agility for 68 gold pieces
 23300 | D:11     | Bought a potion of might for 68 gold pieces
 23300 | D:11     | Bought a potion of lignification for 51 gold pieces
 23687 | D:11     | Reached skill level 20 in Spellcasting
 24499 | D:11     | Learned a level 3 spell: Confuse
 24505 | D:11     | Learned a level 4 spell: Airstrike
 24513 | D:11     | Learned a level 7 spell: Ring of Flames
 24780 | D:12     | Found a runed gate.
 24780 | D:12     | Found a runed gate.
 24781 | D:12     | Found a runed gate.
 24781 | D:12     | Noticed strongu's ghost (journeyman OpCK)
 24949 | D:12     | Offered knowledge of Bolt of Magma by Vehumet.
 25056 | D:12     | Learned a level 5 spell: Bolt of Magma
 25530 | D:12     | Noticed a dire elephant
 25530 | D:12     | an iron troll changed into a dire elephant
 25536 | D:12     | Noticed a storm dragon
 25537 | D:12     | Noticed a quicksilver dragon
 25537 | D:12     | a dire elephant changed into a quicksilver dragon
 25549 | D:12     | Noticed a shadow dragon
 25550 | D:12     | Noticed a sphinx
 25550 | D:12     | a shadow dragon changed into a sphinx
 25551 | D:12     | Noticed a dire elephant
 25551 | D:12     | a sphinx changed into a dire elephant
 26018 | D:13     | Reached XP level 14. HP: 68/68 MP: 40/40
 26665 | D:13     | Found a gate to the Vaults.
 26771 | D:14     | Found a shimmering altar of Xom.
 26791 | D:14     | Found a basalt altar of Yredelemnul.
 28725 | Orc:1    | Found a roughly hewn altar of Beogh.
 28876 | Orc:2    | Entered Level 2 of the Orcish Mines
 28876 | Orc:2    | Found a staircase to the Elven Halls.
 28891 | Orc:2    | Offered knowledge of Bolt of Fire by Vehumet.
 29069 | Orc:2    | Found Doust's Armour Shop.
 29847 | Orc:2    | Reached skill level 1 in Evocations
 30330 | Orc:2    | Found Guizyan's Food Shoppe.
 30330 | Orc:2    | Found Naxtutro's Assorted Antiques.
 30336 | Orc:2    | Found Ydwi's Food Emporium.
 30341 | Orc:2    | Found Waopt's Antique Weapon Emporium.
 30361 | Orc:2    | Bought a scroll of identify for 50 gold pieces
 30361 | Orc:2    | Bought a hardcover book for 375 gold pieces
 32016 | Lair:1   | Learned a level 6 spell: Bolt of Fire
 32030 | Lair:1   | Learned a level 6 spell: Freezing Cloud
 32097 | Shoals:1 | Entered Level 1 of the Shoals
 32172 | Shoals:1 | Reached skill level 1 in Ice Magic
 32625 | Shoals:1 | Reached XP level 15. HP: 54/72 MP: 20/41
 32797 | Shoals:1 | Noticed Nikola
 32810 | Shoals:1 | Killed Nikola
 32810 | Shoals:1 | Reached skill level 5 in Evocations
 32840 | Shoals:1 | Noticed Louise
 32958 | Shoals:1 | Killed Louise
 33920 | Shoals:2 | Offered knowledge of Bolt of Draining by Vehumet.
 34200 | Shoals:2 | Noticed a kraken
 34218 | Shoals:2 | Killed a kraken
 36282 | Shoals:3 | Found Uczitoag's General Store.
 36288 | Shoals:3 | Bought a scroll of fear for 59 gold pieces
 36288 | Shoals:3 | Bought a potion of curing for 51 gold pieces
 36288 | Shoals:3 | Bought a scroll of identify for 34 gold pieces
 36288 | Shoals:3 | Bought a scroll of teleportation for 51 gold pieces
 36288 | Shoals:3 | Bought a potion of agility for 68 gold pieces
 37174 | D:15     | Entered Level 15 of the Dungeon
 37350 | D:15     | Reached skill level 15 in Fire Magic
 37666 | D:15     | Found a staircase to the Depths.
 37679 | D:15     | Reached skill level 15 in Conjurations
 37721 | D:15     | Reached XP level 16. HP: 76/76 MP: 38/42
 37871 | D:15     | Found Faulefy's Antique Weapon Shop.
 39124 | D:15     | Found a sparkling altar of Nemelex Xobeh.
 39245 | D:15     | Offered knowledge of Orb of Destruction by Vehumet.
 39850 | D:7      | Killed Lluna's ghost
 40235 | Slime:1  | Entered Level 1 of the Pits of Slime
 40235 | Slime:1  | Noticed an acid blob
 40237 | Slime:1  | Killed an acid blob
 41010 | Spider:1 | Entered Level 1 of the Spider Nest
 41328 | Spider:1 | Reached skill level 10 in Evocations
 43071 | Spider:2 | Offered knowledge of Ozocubu's Refrigeration by Vehumet.
 43316 | Spider:2 | Got a steaming pewter ring
 43317 | Spider:2 | Identified the ring "Vergheg" {+Fly rN+ AC+3 Dex+2} (You
                  | found it on level 2 of the Spider Nest)
 43381 | Spider:2 | Noticed Jorgrun
 44613 | Shoals:4 | Entered Level 4 of the Shoals
 45748 | Spider:3 | Noticed Arachne
 45753 | Spider:3 | Killed Arachne
 45753 | Spider:3 | Reached skill level 1 in Fighting
 45964 | Spider:3 | Reached XP level 17. HP: 83/83 MP: 36/43
 46293 | Spider:4 | Entered Level 4 of the Spider Nest
 47396 | Spider:4 | Offered knowledge of Spellforged Servitor by Vehumet.
 48342 | Spider:4 | Reached skill level 5 in Fighting
 48753 | Spider:4 | Got a gossamer rune of Zot
 49177 | Vaults:1 | Entered Level 1 of the Vaults
 49742 | Vaults:1 | Noticed Saint Roka
 49749 | Vaults:1 | Killed Saint Roka
 50660 | Vaults:1 | Reached XP level 18. HP: 99/99 MP: 29/44
 50706 | Vaults:1 | Reached ****** piety under Vehumet
 51727 | Vaults:2 | Found a staircase to the Crypt.
 51747 | Vaults:1 | Mangled by a phantasmal warrior

Skill      XL: |  1  2  3  4  5  6  7  8  9 10 11 12 13 14 15 16 17 18 |
---------------+-------------------------------------------------------+-----
Conjurations   | 2 3 4 5 6 7 9 10 11 13 15 16 | 16.4
Fire Magic     | 4 5 7 9 10 11 13 15 16 17 | 17.8
Spellcasting   | 4 8 13 17 19 20 | 20.0
Stealth        | 3 4 5 |  5.0
Dodging        | 5 10 12 | 12.0
Evocations     | 4 8 11 13 14 | 14.0
Ice Magic      | 3 4 |  4.8
Fighting       | 1 6 7 |  7.4

Action                   |  1- 3 |  4- 6 |  7- 9 | 10-12 | 13-15 | 16-18 || total
-------------------------+-------+-------+-------+-------+-------+-------++-------
Melee: Unarmed           |     2 |       |       |       |       |       ||     2
       Staff             |       |       |       |       |       |     7 ||     7
Throw: Stone             |    28 |    22 |     8 |    52 |   110 |       ||   220
       Tomahawk          |       |       |    48 |    14 |       |       ||    62
 Cast: Flame Tongue      |    78 |    84 |   137 |   155 |   135 |     2 ||   591
       Sticky Flame      |       |    12 |    35 |    68 |    36 |    25 ||   176
       Conjure Flame     |       |       |     4 |     2 |     1 |     3 ||    10
       Fireball          |       |       |     9 |    37 |    78 |    33 ||   157
       Mephitic Cloud    |       |       |     1 |     2 |     1 |     2 ||     6
       Searing Ray       |       |       |       |    15 |       |       ||    15
       Blink             |       |       |       |     2 |     1 |     5 ||     8
       Stone Arrow       |       |       |       |    41 |   164 |    28 ||   233
       Fulminant Prism   |       |       |       |    35 |   118 |    58 ||   211
       Bolt of Magma     |       |       |       |       |    48 |       ||    48
       Bolt of Fire      |       |       |       |       |   141 |   410 ||   551
       Confuse           |       |       |       |       |     9 |     4 ||    13
       Freezing Cloud    |       |       |       |       |     4 |     8 ||    12
       Airstrike         |       |       |       |       |     1 |       ||     1
Evoke: Wand              |       |       |     1 |     6 |       |     9 ||    16
       Crystal ball of e |       |       |       |       |       |    55 ||    55
  Use: Scroll            |     6 |     8 |     2 |    10 |    22 |    16 ||    64
       Potion            |       |       |     2 |     3 |     3 |     6 ||    14
  Eat: Chunk             |     3 |    10 |    28 |    24 |    25 |    14 ||   104
       Ration            |       |       |       |     2 |    10 |     8 ||    20
Armor: Robe              |     8 |     7 |     5 |    24 |    26 |    38 ||   108
       Acid dragon scale |       |       |       |       |       |     8 ||     8
Dodge: Dodged            |    26 |    27 |    17 |    51 |   121 |   157 ||   399
